Map: Dusk Towers

Players

FlpwTrsh

  • Race: Zerg Zerg
  • League: Diamond

chaosmonkey - Winner!

  • Race: Protoss Protoss

VOD

Have the link to the VOD?

Description

Time

  • Played on: April 5, 2016, 12:14 a.m.
  • Length: 7:13
Show
View Real Time Build Order
Export as new Build Order

FlpwTrsh Zerg 

Build Orders: Hatch First 

Get SALT Encoding   

  12  0:01  Drone  
  13  0:08  Drone  
  14  0:17  Overlord  
  14  0:35  Drone x3  
  17  0:46  Drone  
  18  0:57  Hatchery  
  18  0:59  Drone  
  18  1:09  Extractor, Drone  
  18  1:19  Spawning Pool  
  18  1:22  Drone  
  18  1:29  Drone  
  19  1:40  Drone  
  20  1:50  Drone  
  21  2:03  Drone  
  21  2:08  Queen  
  22  2:10  Metabolic Boost  
  22  2:11  Queen  
  22  2:13  Overlord  
  22  2:15  Drone  
  27  2:19  Drone  
  28  2:23  Overlord  
  28  2:31  Drone  
  28  2:35  Drone  
  30  2:42  Drone  
  31  2:44  Drone  
  32  2:54  Zergling x2  
  32  2:56  Drone  
  32  2:58  Hatchery  
  33  3:03  Drone  
  34  3:07  Overlord  
  34  3:14  Drone  
  34  3:17  Drone x3  
  38  3:21  Roach Warren, Drone  
  38  3:23  Spore Crawler  
  37  3:29  Extractor, Drone x2  
  37  3:32  Extractor  
  37  3:33  Extractor  
  36  3:35  Drone x2  
  36  3:38  Spore Crawler  
  37  3:47  Drone x2  
  39  3:54  Zergling x2  
  40  3:59  Drone  
  40  4:00  Lair  
  40  4:02  Roach x3  
  47  4:05  Drone x2  
  48  4:13  Zergling x2  
  49  4:17  Roach x2  
  49  4:18  Drone  
  49  4:19  Drone  
  49  4:20  Roach  
  57  4:38  Overlord  
  57  4:39  Overlord  
  57  4:48  Overlord x2  
  57  4:54  Spine Crawler, Spore Crawler  
  57  4:58  Drone  
  56  5:06  Zergling x2  
  56  5:07  Zergling x6, Roach x4  
  52  5:17  Queen  
  52  5:18  Queen  
  56  5:23  Drone  
  56  5:24  Spine Crawler  
  56  5:27  Roach  
  58  5:32  Spine Crawler  
  57  5:40  Roach x3  
  61  5:43  Spine Crawler  
  61  5:47  Roach x2  
  64  5:51  Spire  
  64  5:54  Roach x2  
  64  6:18  Zergling x4, Roach x2  
  46  6:31  Zergling x2  
  46  6:39  Roach  
  37  6:47  Zergling x2  
Show
View Real Time Build Order
Export as new Build Order

chaosmonkey Protoss - Winner!

Build Orders: Zealot Archon 

Get SALT Encoding   

  12  0:00  Probe (Chrono Boost)  
  13  0:11  Probe (Chrono Boost)  
  14  0:21  Pylon  
  14  0:24  Probe (Chrono Boost)  
  15  0:39  Probe (Chrono Boost)  
  15  0:40  Gateway  
  17  0:50  Probe (Chrono Boost)  
  17  0:51  Assimilator  
  17  1:00  Probe (Chrono Boost)  
  17  1:02  Pylon  
  18  1:11  Probe (Chrono Boost)  
  19  1:16  Assimilator  
  19  1:21  Probe (Chrono Boost)  
  20  1:31  Cybernetics Core  
  20  1:32  Zealot, Probe (Chrono Boost)  
  23  1:43  Probe (Chrono Boost)  
  24  1:48  Gateway  
  24  1:58  Probe (Chrono Boost)  
  25  2:03  Pylon  
  25  2:08  Probe (Chrono Boost)  
  26  2:09  Warp Gate (Chrono Boost)  
  26  2:25  Twilight Council  
  26  2:27  Gateway  
  26  2:39  Gateway  
  26  2:45  Gateway  
  26  3:01  Charge (Chrono Boost)  
  26  3:06  Pylon  
  26  3:36  Templar Archives  
  26  3:41  Pylon  
  26  4:04  Zealot x3  
  26  4:05  Zealot  
  26  4:06  Zealot  
  36  4:18  Pylon  
  36  4:25  High Templar  
  36  4:29  High Templar  
  36  4:30  Zealot x2  
  36  4:31  Zealot  
  46  4:34  Archon  
  46  4:50  Zealot x2  
  46  4:51  Zealot  
  50  5:10  Zealot x3  
  54  5:28  High Templar x2  
  54  5:30  Zealot x2  
  54  5:35  Archon  
  60  5:39  Pylon  
  60  5:53  Zealot  
  62  5:59  Pylon  
  62  6:20  Zealot x2  
  62  6:21  Zealot x3  
  59  7:07  Pylon  
  57  7:08  Pylon  
Tags
 
Composition
Zealot Archon
League
Diamond
Matchup
PvZ
Add a new tag
Caveats
  • Supply blocks, unpowered buildings, or Contaminate may cause inaccurate times.
  • Supply counts are checked every 10 seconds.